Map: New Gettysburg LE

Players

Chammy (Cham) - Winner!

  • Race: Zerg Zerg
  • League: Grandmaster
  • Spawn Location: 7:00

Kelazhur

  • Race: Terran Terran
  • League: Master
  • Spawn Location: 5:00

Event: Copa América 2016 Grand Finals

VOD

Have the link to the VOD?

Description

Time

  • Played on: Oct. 14, 2016, 4:49 p.m.
  • Length: 26:10

All games in this series

Show
View Real Time Build Order
Export as new Build Order

Chammy Zerg - Winner!

Build Orders: Hatch First 

Get SALT Encoding   

  12  0:00  Drone  
  13  0:08  Drone  
  14  0:17  Overlord  
  14  0:35  Drone x2  
  14  0:36  Drone  
  17  0:51  Hatchery  
  17  0:55  Drone  
  17  0:59  Drone  
  18  1:09  Extractor  
  17  1:14  Spawning Pool  
  17  1:16  Drone  
  17  1:19  Drone  
  18  1:30  Drone  
  19  1:40  Overlord  
  19  1:51  Drone  
  20  2:00  Queen  
  22  2:02  Zergling x2  
  22  2:03  Queen  
  22  2:04  Zergling x2  
  26  2:09  Metabolic Boost  
  26  2:12  Zergling x2  
  27  2:16  Drone  
  28  2:22  Overlord  
  28  2:29  Drone  
  29  2:36  Spore Crawler  
  28  2:39  Drone  
  28  2:41  Queen  
  28  2:42  Queen  
  34  2:46  Drone  
  34  2:48  Drone  
  36  2:52  Overlord  
  36  2:56  Drone  
  37  2:58  Drone  
  38  3:07  Overlord  
  38  3:08  Drone  
  38  3:14  Drone x2  
  38  3:18  Drone x2  
  42  3:20  Drone x2  
  42  3:22  Drone  
  42  3:25  Drone  
  46  3:37  Hatchery  
  46  3:39  Roach Warren  
  44  3:46  Drone x4  
  48  3:49  Extractor  
  47  3:56  Drone  
  47  3:58  Drone x5  
  47  4:02  Overlord  
  53  4:17  Drone  
  53  4:19  Roach x2  
  53  4:21  Evolution Chamber  
  57  4:24  Roach  
  57  4:27  Roach  
  57  4:28  Roach  
  57  4:29  Roach x2  
  67  4:33  Overlord  
  67  4:37  Overlord  
  67  4:42  Overlord, Drone  
  68  4:50  Roach x3  
  68  4:52  Drone  
  75  4:57  Zergling x4  
  75  4:58  Zergling x2  
  78  5:00  Lair  
  78  5:03  Zergling x4  
  78  5:05  Drone x3  
  83  5:11  Zerg Ground Armor Level 1  
  83  5:13  Overlord  
  83  5:21  Drone x2  
  83  5:22  Drone x2  
  83  5:24  Drone  
  83  5:27  Extractor  
  83  5:28  Extractor  
  86  5:29  Overlord, Drone x2  
  86  5:31  Drone  
  86  5:32  Spore Crawler  
  86  5:34  Drone x3  
  86  5:35  Spore Crawler  
  90  5:37  Extractor  
  90  5:41  Roach x3  
  90  5:42  Roach  
  97  5:43  Ravager, Drone  
  97  5:46  Overlord  
  97  5:49  Drone  
  100  5:53  Roach  
  100  5:55  Queen  
  108  5:57  Roach x2  
  108  6:04  Drone x3  
  108  6:05  Roach  
  110  6:19  Drone  
  110  6:20  Drone  
  110  6:21  Drone x2  
  110  6:24  Drone  
  110  6:25  Overlord  
  112  6:28  Overlord  
  112  6:33  Drone  
  112  6:35  Infestation Pit  
  112  6:36  Overlord  
  112  6:40  Drone  
  112  6:42  Extractor, Overlord  
  112  6:44  Roach x4  
  120  6:49  Roach  
  120  6:50  Roach  
  120  6:52  Glial Reconstitution  
  120  6:53  Hatchery  
  120  6:54  Drone  
  124  6:56  Evolution Chamber  
  124  6:58  Roach  
  124  6:59  Roach  
  124  7:01  Overlord  
  127  7:02  Overseer, Roach x2  
  127  7:05  Zergling x2, Ravager  
  127  7:06  Zergling x2  
  135  7:08  Drone x3  
  135  7:09  Queen  
  135  7:10  Zergling x2  
  135  7:11  Zergling x4  
  135  7:14  Roach  
  144  7:18  Ravager  
  144  7:21  Roach  
  144  7:22  Roach x2  
  149  7:23  Zerg Missile Weapons Level 1  
  146  7:33  Drone  
  146  7:34  Drone x4  
  151  7:37  Zerg Ground Armor Level 2, Drone  
  151  7:38  Zergling x2  
  151  7:39  Zergling x2, Overlord  
  154  7:50  Overlord  
  154  7:51  Hive  
  154  7:53  Overlord  
  154  7:55  Overlord  
  154  7:57  Queen  
  154  7:58  Extractor  
  155  8:02  Drone x3  
  155  8:04  Zergling x2  
  155  8:05  Infestor x2  
  161  8:07  Zergling x10  
  161  8:09  Overseer  
  165  8:20  Spore Crawler  
  165  8:23  Spore Crawler, Drone x2  
  165  8:26  Zergling x2, Extractor  
  165  8:27  Zergling x2  
  166  8:28  Roach x4  
  166  8:29  Roach  
  166  8:32  Roach x2  
  166  8:33  Roach x3  
  186  8:40  Roach x2  
  186  8:41  Roach  
  189  8:44  Drone  
  187  8:57  Roach x3  
  187  8:59  Roach  
  189  9:04  Adrenal Glands  
  189  9:05  Drone  
  189  9:06  Ultralisk Cavern  
  187  9:11  Overlord, Drone x2  
  187  9:12  Roach  
  191  9:22  Drone  
  192  9:26  Overlord, Zerg Melee Weapons Level 1  
  192  9:27  Overlord x2  
  192  9:29  Queen  
  194  9:40  Hatchery, Drone  
  194  9:41  Spore Crawler  
  194  9:45  Ravager x5  
  198  9:52  Drone x2  
  200  9:53  Baneling Nest  
  200  9:54  Spire  
  198  10:01  Chitinous Plating  
  198  10:03  Zerg Ground Armor Level 3  
  196  10:10  Overseer  
  195  10:30  Nydus Network  
  185  11:01  Ultralisk x2  
  185  11:03  Ultralisk  
  185  11:04  Centrifical Hooks  
  199  11:06  Zerg Flyer Weapons Level 1  
  199  11:12  Nydus Canal  
  191  11:28  Ultralisk  
  198  11:32  Ravager  
  183  11:47  Ultralisk x2  
  180  12:04  Hatchery  
  171  12:09  Corruptor x5  
  171  12:10  Corruptor x5  
  187  12:15  Hatchery  
  187  12:16  Drone x2  
  187  12:18  Drone x5  
  187  12:22  Ravager x3  
  195  12:23  Zergling x8  
  195  12:24  Zergling x2  
  195  12:29  Overseer  
  200  12:42  Hatchery  
  199  12:50  Pneumatized Carapace  
  189  13:10  Corruptor x4  
  189  13:11  Corruptor  
  194  13:13  Zergling x8, Ultralisk  
  197  13:25  Zergling x6  
  197  13:26  Zerg Melee Weapons Level 2  
  198  13:39  Spire  
  187  13:49  Drone x3  
  187  13:54  Nydus Canal  
  189  14:02  Greater Spire  
  189  14:03  Corruptor x3  
  189  14:04  Zergling x4  
  189  14:05  Zergling x4  
  199  14:12  Overseer  
  199  14:15  Zergling x2  
  185  14:29  Ultralisk x2  
  161  14:31  Ultralisk  
  161  14:32  Zergling x16  
  161  14:33  Zergling x14  
  161  14:36  Extractor  
  161  14:37  Extractor, Drone x4  
  161  14:38  Drone x3  
  178  14:39  Spore Crawler  
  177  14:56  Zergling x2  
  177  14:59  Ultralisk  
  184  15:00  Spore Crawler  
  184  15:05  Nydus Canal  
  178  15:32  Brood Lord x2  
  178  15:33  Brood Lord x2  
  172  15:43  Extractor  
  172  15:44  Extractor  
  172  15:46  Brood Lord x2  
  172  15:47  Brood Lord, Corruptor  
  172  15:48  Zergling x2  
  172  15:49  Zergling x6  
  176  15:52  Zergling x2  
  146  16:11  Corruptor x2  
  146  16:15  Zergling x6  
  146  16:16  Zergling x4  
  152  16:19  Corruptor  
  152  16:20  Zergling x6  
  157  16:34  Zergling x4  
  161  16:40  Nydus Canal  
  161  16:41  Hatchery  
  161  16:42  Zergling x6, Hatchery  
  151  16:56  Drone x3  
  151  16:57  Drone x3  
  154  17:03  Ultralisk  
  158  17:13  Overlord  
  158  17:14  Overlord  
  155  17:16  Drone x2  
  157  17:30  Overlord x2  
  157  17:32  Drone x2  
  157  17:33  Drone x3  
  162  17:38  Spore Crawler x2  
  162  17:39  Zergling x4  
  162  17:40  Zergling x4  
  162  17:43  Infestor x2  
  168  17:46  Corruptor  
  168  17:50  Corruptor x2  
  174  17:59  Ultralisk  
  180  18:09  Ultralisk  
  186  18:19  Extractor  
  185  18:20  Zerg Flyer Armor Level 1  
  185  18:27  Baneling x6  
  185  18:28  Baneling x3  
  185  18:29  Zergling x10  
  185  18:30  Zergling x2  
  191  18:38  Baneling x2  
  191  18:39  Overseer, Baneling x3  
  191  18:41  Zergling x6  
  191  18:44  Drone x2  
  191  18:47  Spore Crawler  
  195  18:51  Nydus Canal  
  194  19:02  Corruptor  
  196  19:15  Corruptor x2  
  196  19:16  Overlord x2  
  185  19:24  Overlord  
  185  19:28  Extractor  
  185  19:29  Extractor  
  185  19:31  Corruptor x3  
  180  19:33  Zergling x8  
  186  19:43  Ultralisk  
  184  19:46  Zergling x2  
  184  19:47  Zergling x6  
  188  19:55  Brood Lord  
  188  19:56  Brood Lord  
  193  20:00  Zergling x6  
  195  20:07  Baneling x4  
  195  20:08  Baneling  
  193  20:21  Zergling x6, Ultralisk  
  182  20:24  Zergling x4  
  155  20:31  Ultralisk  
  155  20:32  Zergling x4  
  155  20:33  Zergling x8  
  167  20:38  Drone x2  
  171  20:43  Brood Lord  
  171  20:52  Zerg Flyer Armor Level 2  
  171  20:55  Zergling x2  
  171  20:56  Zergling x10  
  176  21:15  Ultralisk  
  174  21:19  Ultralisk  
  180  21:29  Ultralisk  
  180  21:31  Zergling x4  
  180  21:32  Baneling x2  
  188  21:34  Zergling x6  
  191  21:42  Brood Lord  
  191  21:46  Baneling x3  
  193  21:56  Spore Crawler  
  193  22:01  Drone x4  
  196  22:09  Spore Crawler  
  196  22:10  Spore Crawler  
  196  22:12  Spore Crawler x2  
  196  22:14  Brood Lord x2  
  196  22:15  Brood Lord  
  198  22:29  Baneling x3  
  198  22:30  Zergling x2, Baneling x3  
  198  22:31  Zergling x2  
  200  22:48  Overseer  
  200  22:50  Overseer x2  
  200  23:09  Nydus Canal  
  193  23:35  Corruptor  
  193  23:36  Corruptor x3  
  193  23:43  Corruptor x3  
  191  23:54  Corruptor x2  
  191  23:55  Corruptor  
  193  24:01  Overlord  
  193  24:10  Zergling x4  
  193  24:11  Overlord x2  
  188  24:26  Corruptor x2  
  188  24:27  Corruptor x2  
  196  24:34  Corruptor x2  
  196  24:43  Zergling x2  
  196  24:44  Zergling x10  
  192  25:11  Overseer x2  
  192  25:23  Zergling x10  
Show
View Real Time Build Order
Export as new Build Order

Kelazhur Terran 

Build Orders: Reaper Expand, MMM Bio 

Get SALT Encoding   

  12  0:00  SCV  
  13  0:12  SCV  
  14  0:18  Supply Depot  
  14  0:24  SCV  
  15  0:39  SCV  
  15  0:40  Barracks  
  16  0:44  Refinery  
  16  0:51  SCV  
  17  1:04  SCV  
  18  1:16  SCV  
  19  1:27  Reaper  
  19  1:28  Orbital Command  
  20  1:41  Command Center  
  20  1:51  Barracks  
  20  1:54  SCV  
  20  1:59  Barracks Reactor  
  21  2:05  Supply Depot  
  21  2:09  SCV  
  21  2:14  Refinery  
  22  2:21  SCV  
  23  2:25  Factory  
  23  2:33  SCV  
  24  2:39  Marine  
  24  2:40  Marine, Barracks Tech Lab  
  26  2:48  SCV  
  27  2:52  Orbital Command  
  27  2:57  Marine x2  
  29  3:00  SCV  
  29  3:03  Stimpack  
  31  3:12  SCV  
  31  3:17  Marine x3  
  34  3:21  SCV  
  34  3:24  Starport  
  34  3:26  Factory Reactor  
  35  3:31  SCV  
  35  3:33  SCV  
  37  3:35  Marine x2  
  37  3:36  Marine  
  40  3:42  Supply Depot  
  40  3:43  SCV  
  40  3:45  SCV  
  42  3:52  Marine  
  42  3:53  Marine  
  45  3:55  SCV  
  45  3:57  SCV  
  46  4:03  Marine  
  46  4:05  Supply Depot  
  46  4:07  SCV  
  46  4:09  Medivac x2  
  52  4:10  Marine  
  52  4:11  Marine  
  54  4:25  Supply Depot  
  54  4:26  Marine, Widow Mine, SCV x2  
  54  4:28  Marine, Supply Depot  
  54  4:29  Marine  
  61  4:39  SCV  
  62  4:46  SCV  
  62  4:51  Marine x2, SCV  
  62  4:52  Marine, Supply Depot x2  
  67  4:54  Widow Mine  
  67  4:55  Medivac  
  67  4:56  Medivac  
  67  4:59  SCV  
  74  5:00  Engineering Bay  
  74  5:07  SCV  
  75  5:16  Marine, SCV, Command Center  
  75  5:17  Marine  
  75  5:20  SCV  
  79  5:22  Marine, Combat Shields  
  79  5:28  Terran Infantry Weapons Level 1, SCV  
  81  5:34  Marine, Liberator  
  81  5:35  Marine  
  83  5:37  Refinery  
  83  5:38  Refinery  
  83  5:39  Marine  
  83  5:41  SCV  
  85  5:45  SCV  
  85  5:47  Engineering Bay  
  86  5:56  Marine x2  
  91  5:57  Marine  
  91  5:59  SCV  
  91  6:03  Supply Depot, SCV  
  92  6:19  SCV  
  92  6:20  Marine  
  92  6:23  Terran Infantry Armor Level 1, Marine  
  92  6:24  Barracks x2, Marine  
  92  6:25  Barracks  
  95  6:28  SCV  
  95  6:30  Orbital Command  
  96  6:33  Armory  
  96  6:34  Factory Tech Lab  
  96  6:37  Marine  
  96  6:38  SCV  
  98  6:45  Marine x2  
  98  6:46  SCV  
  97  6:50  SCV  
  98  6:56  Orbital Command  
  98  6:59  SCV  
  98  7:00  Marine  
  100  7:02  Concussive Shells  
  100  7:03  Marine x2, Medivac  
  100  7:04  Medivac  
  100  7:07  Siege Tank  
  109  7:09  SCV  
  109  7:12  Barracks Reactor  
  109  7:13  Barracks Reactor x2  
  109  7:15  SCV  
  111  7:21  SCV  
  112  7:27  SCV  
  112  7:29  Marine  
  112  7:30  Marine, Marauder  
  112  7:32  SCV  
  112  7:36  SCV  
  113  7:39  Refinery  
  113  7:42  Supply Depot x2  
  113  7:43  Terran Infantry Weapons Level 2  
  113  7:46  SCV x2  
  113  7:47  Marine x2  
  117  8:03  Marine x6, SCV  
  117  8:04  Marine, SCV x2  
  127  8:05  Supply Depot  
  127  8:10  Marine  
  127  8:12  Siege Tank  
  131  8:13  Supply Depot  
  131  8:16  Factory  
  131  8:19  Terran Infantry Armor Level 2  
  128  8:21  Medivac x2  
  132  8:30  Marine x7, Marauder  
  141  8:45  Marine  
  141  8:48  Marine  
  143  8:52  Marauder  
  144  9:00  Marine  
  144  9:01  Marine x5  
  139  9:06  Marine  
  139  9:07  Marine  
  138  9:13  Marauder  
  130  9:18  Marine x3, Supply Depot, Medivac x2  
  130  9:19  Siege Tank, Supply Depot  
  130  9:20  Command Center, Factory Tech Lab  
  138  9:26  SCV x3  
  138  9:27  Marine, Refinery, Starport x2  
  138  9:28  Marine x4  
  146  9:34  Supply Depot  
  146  9:35  Marauder  
  146  9:36  Marine  
  149  9:46  Liberator x2  
  149  9:47  Barracks, Supply Depot, Liberator  
  149  9:48  Barracks x2  
  149  9:50  Missile Turret  
  149  9:52  Missile Turret  
  149  9:53  Missile Turret  
  149  10:04  Starport Tech Lab  
  158  10:08  Fusion Core  
  158  10:09  Terran Infantry Weapons Level 3  
  158  10:12  Liberator  
  156  10:29  Liberator  
  159  10:47  Liberator x2  
  161  10:55  Liberator  
  155  11:02  Barracks Tech Lab x3  
  147  11:05  Ghost Academy  
  153  11:14  Liberator  
  153  11:17  Advanced Ballistics  
  155  11:20  Marine, Marauder  
  155  11:21  Marauder  
  148  11:26  Marauder  
  148  11:29  Marine, Marauder  
  148  11:30  Liberator  
  147  11:40  Marine  
  147  11:42  Marine, Marauder x2  
  152  11:48  Marine  
  152  11:49  Marine  
  150  11:58  Marine  
  150  11:59  Marine  
  150  12:00  Barracks  
  137  12:01  Barracks  
  137  12:02  Barracks  
  137  12:03  Marine, Marauder, Barracks  
  137  12:05  Barracks  
  137  12:06  Marine x2  
  137  12:07  Liberator x2  
  138  12:16  Marine  
  138  12:17  Marine, Terran Infantry Armor Level 3  
  138  12:19  Liberator  
  138  12:21  Marauder  
  139  12:25  Marauder  
  139  12:27  Marine  
  151  12:43  Marauder  
  153  12:46  Terran Ship Weapons Level 1  
  153  12:49  Barracks Tech Lab x2  
  153  12:51  Marine  
  154  12:53  Liberator  
  154  13:00  Marauder  
  153  13:08  Liberator x2  
  153  13:10  Liberator  
  153  13:11  Marauder x2  
  154  13:15  Marine x7  
  161  13:21  Marine  
  168  13:32  Marine  
  168  13:33  Marine, Marauder  
  174  13:46  Marine, Marauder  
  164  13:48  Barracks Tech Lab  
  164  13:49  Barracks Tech Lab  
  164  13:52  Missile Turret  
  164  13:53  Medivac  
  159  14:02  Planetary Fortress  
  159  14:08  Medivac  
  161  14:13  Marauder  
  159  14:26  Marine  
  159  14:28  Marine x2  
  159  14:31  Ghost x4  
  142  14:32  Marine  
  142  14:36  Marine  
  142  14:37  Marine  
  153  14:39  Refinery  
  153  14:40  Refinery  
  153  14:54  Marine  
  153  14:55  Marine x4  
  153  14:56  Marauder  
  160  15:00  Marauder  
  160  15:04  Marine  
  160  15:05  Marine x2  
  165  15:12  Marine  
  166  15:17  Marine x3, Marauder x2  
  173  15:22  Marine x2, Marauder  
  174  15:33  Marauder  
  173  15:45  Marine, Marauder  
  173  15:51  Marine, Marauder x2  
  173  15:52  Marine x2, Marauder x2  
  173  15:54  Marine  
  173  15:55  Command Center  
  184  16:03  Marine  
  174  16:06  Marauder  
  174  16:09  Marine x3  
  166  16:12  Marine x5  
  160  16:20  Marine  
  160  16:23  Viking x2  
  160  16:37  Viking x2  
  152  16:53  Viking, Marauder x2  
  158  16:56  Marine, Marauder  
  160  17:01  Marine  
  160  17:02  Marauder x2  
  160  17:05  Marine x2  
  157  17:13  Marine  
  157  17:14  Marine  
  159  17:18  Viking x2  
  163  17:33  Viking  
  165  17:39  SCV x2  
  165  17:41  Liberator  
  167  17:44  Viking  
  167  17:46  Liberator  
  167  17:48  Viking  
  174  18:14  Viking  
  174  18:18  Viking  
  178  18:20  Planetary Fortress  
  178  18:36  Ghost x2  
  179  18:41  Supply Depot  
  179  18:56  Marauder x3  
  179  19:00  Marine  
  186  19:05  Marauder  
  186  19:06  Liberator x2, Marauder  
  188  19:14  Marine  
  186  19:18  Marauder x2  
  186  19:20  Marine  
  196  19:55  Liberator  
  196  20:00  Liberator  
  196  20:06  Supply Depot  
  196  20:13  Viking, Ghost  
  196  20:14  Ghost  
  195  20:15  Ghost  
  195  20:17  Viking  
  195  20:19  Ghost  
  176  20:23  Marine  
  136  20:36  Starport  
  136  20:43  Viking  
  136  20:46  Viking  
  140  20:55  Medivac  
  142  20:57  Starport  
  142  21:00  Medivac  
  144  21:04  Barracks Tech Lab  
  144  21:08  Command Center  
  144  21:13  Marine  
  144  21:15  Marine  
  137  21:23  Viking  
  137  21:24  Viking x2  
  140  21:27  Refinery x2  
  140  21:28  Viking  
  140  21:30  Terran Ship Weapons Level 2  
  140  21:33  Armory  
  140  21:38  Viking  
  133  21:44  Sensor Tower  
  133  21:58  Ghost  
  135  22:06  Viking x2  
  139  22:16  Viking  
  139  22:24  Viking  
  137  22:36  Orbital Command  
  137  22:39  Refinery  
  137  22:44  Medivac  
  137  22:48  Refinery  
  137  22:49  Medivac  
  137  22:50  Marine x6  
  147  22:52  Marine x4  
  151  23:04  Viking  
  153  23:13  Nuke  
  153  23:26  Marine x5, Marauder x5  
  163  23:43  Marine  
  163  23:44  Marine x3, Viking, Marauder  
  163  23:47  Marauder x3  
  166  23:58  Viking  
  164  24:03  Marine  
  159  24:13  Marine x4, Marauder x3  
  166  24:24  Viking x2  
  166  24:26  Marine  
  171  24:32  Marauder  
  171  24:33  Marauder x2  
  171  24:37  Marauder  
  176  24:43  Viking  
  172  24:55  Viking  
  167  25:17  Marine x3, Marauder x4  
  167  25:18  Marauder  
  171  25:35  Marine x2  
  167  25:36  Marauder  
  159  25:49  Marine  
  131  25:50  Marine  
Tags
 
Add a new tag
Caveats
  • Supply blocks, unpowered buildings, or Contaminate may cause inaccurate times.
  • Supply counts are checked every 10 seconds.